AoeStats
← DS_Kvothe

Arabia

509474313Analyzed
1v1 RM · 6d ago on Sep 26, 2026· 44m 2s· 2 players
Game mode
Random Map
Map size
Tiny (2 player)
Population
200
Speed
Normal
Resources
Standard
Victory
Conquest
Starting age
Dark Age
Ending age
Imperial Age
RankedLock teamsTeams togetherTeam positionsShared explorationLock speedFull tech treeHidden civsTurbo modeCheats
Victory
Defeat
🇦🇷 Dravidians · Argentina
1928
+9
🇲🇽 Malians · Mexico
1766
-9
DS_Kvothe
8:36 Loom
11:06 Feudal Age
11:15 Man-at-Arms
15:38 Double-Bit Axe
15:52 Horse Collar
17:43 Fletching
17:53 Padded Archer Armor
23:22 Castle Age
21:43 Scale Mail Armor
22:16 Forging
21:52 Arson
22:59 Gold Mining
23:29 Elite Skirmisher
24:34 Bow Saw
26:08 Squires
25:55 Gambesons
26:28 Long Swordsman
31:55 Town Watch
33:13 Wheelbarrow
34:23 Heavy Plow
34:40 Hand Cart
38:42 Imperial Age
37:33 Thumb Ring
38:20 Bodkin Arrow
40:27 Bracer
41:30 Chemistry
41:17 Ballistics
41:07 Husbandry
41:33 Conscription
41:39 Masonry
41:56 Elite Elephant Archer
44:49 Leather Archer Armor
NoToxic_MK
6:35 Loom
9:20 Feudal Age
9:39 Man-at-Arms
11:02 Arson
17:13 Fletching
21:33 Castle Age
22:19 Double-Bit Axe
23:25 Bow Saw
28:27 Horse Collar
30:12 Light Cavalry
34:28 Wheelbarrow
36:57 Hand Cart
37:09 Forging
40:56 Imperial Age
38:56 Scale Mail Armor
40:15 Town Watch
41:13 Bloodlines
41:09 Scale Barding Armor
43:26 Chain Barding Armor
43:13 Heavy Camel Rider
Connection lost

Rejoining the realm…

Still unreachable

The connection could not be restored.

Session expired

The server has moved on; the page needs a fresh start.